 Dungeon Crawl Stone Soup version 0.23.0 (webtiles) character file.

Game seed: 5689327270724918526

4606 Murks the Martial Artist (level 10, -4/65 HPs)
             Began as a Merfolk Transmuter on Feb 14, 2019.
             Was an Elder of Okawaru.
             Shot with an arrow by a centaur warrior (8 damage)
             ... on level 9 of the Dungeon on Feb 15, 2019.
             The game lasted 01:18:08 (10842 turns).

Murks the Martial Artist (Merfolk Transmuter)      Turns: 10842, Time: 01:18:09

Health: -4/65      AC:  2    Str: 10    XL:     10   Next: 42%
Magic:  12/16      EV: 31    Int: 19    God:    Okawaru [****..]
Gold:   420        SH:  3    Dex: 21    Spells: 2/17 levels left

rFire    . . .     SeeInvis .     - Unarmed
rCold    . . .     Gourm    .   (shield currently unavailable)
rNeg     . . .     Faith    .   (armour currently unavailable)
rPois    x         Spirit   .   (helmet currently unavailable)
rElec    .         Reflect  +   (cloak currently unavailable)
rCorr    .         Harm     .   (gloves currently unavailable)
MR       .....                  (boots currently unavailable)
Stlth    ++........             w - +3 amulet of reflection
HPRegen  0.20/turn              o - +4 ring of intelligence
MPRegen  0.15/turn              (no ring)

@: spider-form
A: tiny, (change form in water), (swift swim), (stealthy swim)
a: End Transformation, Heroism, Renounce Religion


You were on level 9 of the Dungeon.
You worshipped Okawaru.
Okawaru was greatly pleased with you.
You were very hungry.
You were a venomous arachnid creature.
You visited 1 branch of the dungeon, and saw 10 of its levels.

You collected 420 gold pieces.

Inventory:

Missiles
 a - 108 arrows
 M - a throwing net (quivered)
Armour
 k - the +2 leather armour of Xom's Reproof (melded) {Int+3}
   (You found it on level 7 of the Dungeon)

   It affects your intelligence (+3).
 n - a +2 robe of fire resistance
 y - a +2 helmet (melded)
 B - a +1 robe of magic resistance
 L - a +0 cloak (melded)
Magical Staves
 I - an uncursed staff of conjuration (melded)
Jewellery
 o - a +4 ring of intelligence (left front leg)
 w - a +3 amulet of reflection (around neck)
 G - an uncursed ring of ice
Wands
 f - a wand of random effects (12)
 m - a wand of paralysis (11)
 J - a wand of iceblast (13)
 N - a wand of disintegration (10)
 Q - a wand of flame (22)
Scrolls
 b - 2 scrolls of immolation {unknown}
 e - a scroll of blinking {unknown}
 g - a scroll of magic mapping {unknown}
 h - a scroll of remove curse
 i - 2 scrolls of amnesia
 l - 10 scrolls of identify
 p - a scroll of vulnerability {unknown}
 q - 3 scrolls of fog
 s - 2 scrolls of teleportation
 A - a scroll of random uselessness {unknown}
 E - a scroll of noise {unknown}
 F - a scroll of enchant armour {unknown}
 K - a scroll of enchant weapon {unknown}
 O - a scroll of fear {unknown}
Potions
 c - 4 potions of curing
 j - a potion of invisibility {unknown}
 r - a potion of brilliance {unknown}
 t - a potion of flight {unknown}
 u - a potion of agility
 v - a potion of degeneration {unknown}
 x - a potion of haste {unknown}
 z - a potion of cancellation {unknown}
 C - a potion of lignification {unknown}
 D - 2 potions of might {unknown}
Miscellaneous
 P - a sack of spiders
Comestibles
 d - 18 rations


   Skills:
 - Level 1.1 Fighting
 + Level 10.2 Dodging
 - Level 10.3 Unarmed Combat
 - Level 4.4 Spellcasting
 - Level 10.2 Transmutations
 - Level 2.9 Poison Magic


You had 2 spell levels left.
You knew the following spells:

 Your Spells              Type           Power        Failure   Level  Hunger
a - Beastly Appendage     Tmut           #####.       2%          1    None
b - Spider Form           Tmut/Pois      ####......   10%         3    ###....
c - Sticks to Snakes      Tmut           #####...     2%          2    #......
d - Blade Hands           Tmut           #####.....   16%         5    ######.
e - Ice Form              Ice/Tmut       ###.....     34%         4    ####...

Your spell library contained the following spells:

 Spells                   Type           Power        Failure   Level  Hunger
 Freeze                   Ice            #...         30%         1    None
 Throw Frost              Conj/Ice       #.....       41%         2    #......
 Ozocubu's Armour         Chrm/Ice       #.......     58%         3    ###....
 Summon Ice Beast         Ice/Summ       #.......     91%         4    ####...
 Throw Icicle             Conj/Ice       #.......     91%         4    ####...


Dungeon Overview and Level Annotations

Branches:
Dungeon (10/15)            Temple (0/1) D:7
   Lair: D:8-11         Orc: D:9-12

Altars:
Cheibriados
Dithmenos
Elyvilon
Fedhas
Gozag
Hepliaklqana
Kikubaaqudgha
Makhleb
Nemelex Xobeh
Okawaru
Qazlal
Uskayaw
Wu Jian

Annotations:
D:3 2 transporters, LostNumber's ghost, amateur TrIE


Message History

You swap places.
The centaur warrior shoots an arrow.
The arrow misses your adder. The arrow hits you!!
* * * LOW HITPOINT WARNING * * *
The centaur warrior shoots an arrow.
The arrow hits your adder!!
Your adder dies!
You swap places.
Casting: Sticks to Snakes (safe; 1% risk of failure)
Confirm with . or Enter, or press ? or * to list all spells.
You turn into a venomous arachnid creature.
Your uncursed staff of conjuration melds into your body.
Your +0 cloak melds into your body.
Your +2 helmet melds into your body.
The +2 leather armour of Xom's Reproof {Int+3} melds into your body.
The centaur warrior shoots an arrow.
The arrow hits your adder!
Your adder dies!
The centaur warrior shoots an arrow.
The arrow hits your adder!!
Your adder dies!
The centaur warrior shoots an arrow.
The arrow completely misses you.
You see here an arrow.
The centaur warrior shoots an arrow.
The arrow hits you!
You die...

#.......###.#.....##.#
#####.......##.##.##.#
# ##########.##.##.# #
#.......# . #....####
## #.>..# # #...## #
##.## # #s# #(# #.# .
# #(# ....#.########(#
........((.c.c.#
.......#########
.###... ####


You could see a centaur warrior.

Vanquished Creatures
  Pikel (D:5)
  A yak (D:9)
  A wyvern (D:8)
  Eustachio (D:5)
  A water moccasin (D:9)
  2 orc warriors
  A slave (D:4)
  2 sky beasts (D:9)
  An ice beast (D:7)
  A black bear (D:9)
  3 necrophages
  4 ogres
  A phantom (D:8)
  A centaur (D:9)
  5 bullfrogs
  2 scorpions
  3 killer bees (D:7)
  4 wights (D:6)
  4 howler monkeys
  3 crimson imps
  2 hounds
  4 orc priests
  A jelly (D:9)
  5 orc wizards
  3 iguanas
  6 worker ants
  A hound skeleton (D:6)
  9 adders
  3 gnolls (D:2)
  4 shadow imps
  2 oozes
  An adder zombie (D:7)
  2 worms
  5 leopard geckos
  24 orcs
  4 giant cockroaches
  7 hobgoblins
  6 jackals
  A quokka (D:8)
  6 bats
  4 frilled lizards
  6 goblins
  10 kobolds
  5 rats
  A plant (D:7)
164 creatures vanquished.

Vanquished Creatures (collateral kills)
  A two-headed ogre (D:8)
  Sigmund (D:4)
  2 ogres
  A centaur (D:9)
  An orc wizard (D:5)
  An orc priest (D:9)
  An adder (D:9)
  An adder zombie (D:9)
  8 orcs
17 creatures vanquished.

Vanquished Creatures (others)
  An orc (D:5)
1 creature vanquished.

Grand Total: 182 creatures vanquished

Notes
Turn   | Place    | Note
-------+----------+-------------------------------------------
     0 | D:1      | Murks the Merfolk Transmuter began the quest for the Orb.
     0 | D:1      | Reached XP level 1. HP: 15/15 MP: 3/3
   413 | D:1      | Reached XP level 2. HP: 17/21 MP: 3/5
   879 | D:1      | Reached XP level 3. HP: 26/26 MP: 4/6
  1238 | D:2      | Noticed a necrophage
  1255 | D:2      | Killed a necrophage
  1255 | D:2      | Reached XP level 4. HP: 27/31 MP: 5/7
  1255 | D:2      | Reached XP level 5. HP: 31/36 MP: 5/8
  1266 | D:2      | Learned a level 3 spell: Spider Form
  1348 | D:2      | Reached skill level 1 in Poison Magic
  1542 | D:2      | Found a blossoming altar of Fedhas.
  1816 | D:2      | Found a snail-covered altar of Cheibriados.
  1829 | D:2      | Found an ancient bone altar of Kikubaaqudgha.
  2598 | D:3      | Found a shadowy altar of Dithmenos.
  2702 | D:3      | Found an ornate altar of the Wu Jian Council.
  3008 | D:3      | Noticed a water elemental
  3010 | D:3      | Found a stormy altar of Qazlal.
  3011 | D:3      | Noticed a fire elemental
  3011 | D:3      | Noticed an air elemental
  3265 | D:3      | Found a transporter.
  3265 | D:3      | Noticed LostNumber's ghost (amateur TrIE)
  3266 | D:3      | Noticed an ogre
  3267 | D:3      | Found a transporter.
  3267 | D:3      | Noticed an ogre
  3329 | D:4      | Reached XP level 6. HP: 26/42 MP: 2/9
  3478 | D:3      | Learned a level 2 spell: Sticks to Snakes
  3534 | D:4      | Found a hazy altar of Hepliaklqana.
  3565 | D:4      | Found an opulent altar of Gozag.
  4085 | D:4      | Noticed Sigmund
  4710 | D:4      | Reached XP level 7. HP: 47/47 MP: 6/10
  5274 | D:4      | Killed Sigmund
  5646 | D:5      | Entered Level 5 of the Dungeon
  5646 | D:5      | Noticed Eustachio
  5844 | D:5      | Killed Eustachio
  6017 | D:5      | Noticed Pikel
  6158 | D:5      | Killed Pikel
  6158 | D:5      | Reached skill level 10 in Unarmed Combat
  6158 | D:5      | Reached XP level 8. HP: 24/54 MP: 2/11
  6439 | D:5      | Found a burning altar of Makhleb.
  6850 | D:5      | Found an iron altar of Okawaru.
  6853 | D:5      | Found a sparkling altar of Nemelex Xobeh.
  6853 | D:5      | Found a hide-covered altar of Uskayaw.
  6856 | D:5      | Became a worshipper of Warmaster Okawaru
  6890 | D:5      | Reached skill level 5 in Dodging
  6966 | D:6      | Reached skill level 5 in Transmutations
  7173 | D:6      | Reached * piety under Okawaru
  7173 | D:6      | Reached XP level 9. HP: 53/59 MP: 8/12
  7826 | D:7      | Found a staircase to the Ecumenical Temple.
  7869 | D:7      | Learned a level 5 spell: Blade Hands
  8402 | D:7      | Found a hazy altar of Hepliaklqana.
  8417 | D:7      | Reached skill level 10 in Transmutations
  8581 | D:7      | Got a scorched leather armour
  8593 | D:7      | Identified the +2 leather armour of Xom's Reproof {Int+3}
                  | (You found it on level 7 of the Dungeon)
  8907 | D:8      | Noticed a two-headed ogre
  8922 | D:8      | Killed a two-headed ogre
  8922 | D:8      | Reached ** piety under Okawaru
  8929 | D:8      | Learned a level 4 spell: Ice Form
  9126 | D:8      | Found a blossoming altar of Fedhas.
  9481 | D:8      | Reached XP level 10. HP: 65/65 MP: 8/16
 10240 | D:10     | Entered Level 10 of the Dungeon
 10251 | D:9      | Reached *** piety under Okawaru
 10637 | D:9      | Found a white marble altar of Elyvilon.
 10659 | D:9      | Reached skill level 10 in Dodging
 10757 | D:9      | Reached **** piety under Okawaru
 10825 | D:9      | Noticed a centaur warrior
 10837 | D:9      | HP: 3/65 [centaur warrior/arrow (24)]
 10842 | D:9      | Shot with an arrow by a centaur warrior

Skill      XL: |  1  2  3  4  5  6  7  8  9 10 |
---------------+-------------------------------+-----
Unarmed Combat | 4 6 7 10 | 10.3
Poison Magic   | 2 |  2.9
Transmutations | 3 4 7 10 | 10.2
Dodging        | 5 6 10 | 10.2
Spellcasting   | 4 |  4.4
Fighting       | |  1.1

Action                   |  1- 3 |  4- 6 |  7- 9 | 10-12 || total
-------------------------+-------+-------+-------+-------++-------
Melee: Unarmed           |    72 |    91 |   234 |    65 ||   462
       Headbutt          |     5 |     7 |     4 |       ||    16
       Punch             |       |       |     3 |     1 ||     4
       Staff             |       |       |     1 |     1 ||     2
       Tailslap          |       |       |     1 |     1 ||     2
 Fire: Hunting sling     |    29 |    80 |     4 |       ||   113
Throw: Stone             |    16 |     1 |    10 |       ||    27
 Cast: Beastly Appendage |    15 |     7 |     6 |       ||    28
       Spider Form       |       |    11 |    26 |     1 ||    38
       Sticks to Snakes  |       |       |    37 |     6 ||    43
       Blade Hands       |       |       |     5 |    10 ||    15
       Ice Form          |       |       |     1 |     1 ||     2
Invok: Heroism           |       |       |     2 |       ||     2
 Abil: End Transformatio |       |     2 |     2 |       ||     4
Evoke: Wand              |       |       |     2 |       ||     2
       Sack of spiders   |       |       |       |     1 ||     1
  Use: Potion            |       |       |     4 |     2 ||     6
       Scroll            |       |       |     5 |       ||     5
 Stab: Sleeping          |     1 |       |       |       ||     1
       Distracted        |       |       |       |     1 ||     1
  Eat: Chunk             |     1 |    11 |    14 |     3 ||    29
       Ration            |       |     1 |     2 |     1 ||     4
Armor: Robe              |    21 |    20 |     8 |       ||    49
       Skin              |       |       |    10 |     1 ||    11
       Leather armour    |       |       |     1 |    12 ||    13
Dodge: Dodged            |    60 |    74 |   137 |    60 ||   331
Block: Other             |       |       |    17 |     7 ||    24
